 Dungeon Crawl Stone Soup version 0.24.0-125-gc4c63601f3 (console) character file.

Game seed: 17330282376808030080, levelgen mode: deterministic

105 utis the Chiller (level 4, -5/24 HPs)
             Began as a Tengu Ice Elementalist on Feb 20, 2020.
             Slain by an orc
             ... wielding a +0 morningstar
              (12 damage)
             ... on level 3 of the Dungeon.
             The game lasted 00:07:53 (3372 turns).

utis the Chiller (Tengu Ice Elementalist)           Turns: 3372, Time: 00:07:53

Health: -5/24      AC:  3    Str:  9    XL:     4   Next: 83%
Magic:  5/8        EV: 13    Int: 16    God:
Gold:   148        SH:  0    Dex: 14    Spells: 3/7 levels left

rFire    . . .     SeeInvis .   a - +0 long sword
rCold    . . .     Gourm    .   (no shield)
rNeg     . . .     Faith    .   u - +0 robe
rPois    .         Spirit   .   (helmet restricted)
rElec    .         Reflect  .   (no cloak)
rCorr    .         Harm     .   r - +0 pair of gloves
MR       .....                  (boots unavailable)
Stlth    +.........             (no amulet)
HPRegen  0.08/turn              (no ring)
MPRegen  0.11/turn              (no ring)

@: confused, very slightly contaminated
A: beak, talons 3
a: no special abilities


You were on level 3 of the Dungeon.
You were not hungry.

You visited 1 branch of the dungeon, and saw 3 of its levels.

You collected 148 gold pieces.

Inventory:

Hand Weapons
 a - a +0 long sword (weapon)
 d - a +0 club
 g - a +0 dagger
Missiles
 s - 69 stones (quivered)
 t - 7 poisoned darts
Armour
 m - a +0 pair of gloves
 r - a +0 pair of gloves (worn)
 u - a +0 robe (worn)
Wands
 p - a wand of digging (7)
Scrolls
 b - a scroll of remove curse {@r2}
 j - a scroll of enchant weapon {unknown}
 n - 2 scrolls of identify {unknown}
 o - 2 scrolls of teleportation {@r4}
 v - a scroll of fog {unknown}
Potions
 e - 2 potions of lignification {unknown}
 f - a potion of brilliance {unknown}
 i - a potion of heal wounds {unknown}
 k - 2 potions of degeneration {unknown}
 l - a potion of curing {unknown}
 q - a potion of might {unknown}
Comestibles
 c - 3 rations {@e1}


   Skills:
 + Level 3.0 Dodging
 - Level 2.0 Stealth
 + Level 2.1 Spellcasting
   Level 1.3 Conjurations
 + Level 4.4 Ice Magic


You had 3 spell levels left.
You knew the following spells:

 Your Spells              Type           Power        Failure   Level  Hunger
a - Freeze                Ice            ###.         3%          1    #......
o - Ozocubu's Armour      Chrm/Ice       #.......     24%         3    ###....

Your spell library contained the following spells:

 Spells                   Type           Power        Failure   Level  Hunger
 Throw Frost              Conj/Ice       ##....       10%         2    ###....
 Throw Icicle             Conj/Ice       ##......     52%         4    #####..
 Summon Ice Beast         Ice/Summ       #.......     63%         4    #####..


Dungeon Overview and Level Annotations

Branches:
Dungeon (3/15)

Altars:
Hepliaklqana


Innate Abilities, Weirdness & Mutations

You have a beak for a mouth.
You have claws for feet.


Message History

Confirm with . or Enter, or press ? or * to list all spells.
Aiming: Freeze (safe; 3% risk of failure)
Press: ? - help, Shift-Dir - straight line, f/p - orc wizard
Aim: an orc wizard, wielding a +0 dagger and wearing a +0 robe (severely wounded)
You miscast Freeze.
You are very lightly contaminated with residual magic.
Nothing appears to happen.
The orc wizard gestures at you while chanting.
You are confused.
The orc barely misses you.
You're too confused to cast spells.
You're too confused to cast spells.
The orc wizard closely misses you.
You closely miss the orc wizard.
The orc wizard is severely wounded.
The orc hits you with a +0 war axe!
* * * LOW HITPOINT WARNING * * *
The orc hits you with a +0 morningstar!
Ouch! That really hurt!
You die...

.░ ░.░ ░...░░░ .. ░.░ ░.░.... .░
░.░ ░...░ ░░ .░ ░.░ ░.░░░ ░. .░
░.░ ░░'░░ ░. .░ ░.░░ ░░...░░
░░░.░.░ ░..░ ░░<....░░ ....<.░
░░o░░ ░░.......░░
░░...░░░░░░░░░░░Qo.░░░░.........░
................o.....'.........+
░░...░░░░░░░░░░░...░░░░....)....░
░░.░░ ░░.░░ ░░.......░░ ... ░.░
░░.....░░ ░░░. ░.░░░ ░░...░░ ░.
░...░ ░░+░░ ░. ░░░..o..o. ..░░░░o


You could see an orc wizard and 2 orcs.

Vanquished Creatures
  Terence (D:2)
  An adder (D:2)
  An ooze (D:2)
  2 worms
  4 dart slugs
  3 giant cockroaches
  5 goblins
  4 hobgoblins
  14 jackals (D:1)
  3 bats (D:1)
  2 frilled lizards (D:1)
  4 kobolds
  7 rats
51 creatures vanquished.

Notes
Turn   | Place    | Note
-------+----------+-------------------------------------------
     0 | D:1      | utis the Tengu Ice Elementalist began the quest for the
                  | Orb.
     0 | D:1      | Reached XP level 1. HP: 10/10 MP: 4/4
   175 | D:1      | Reached XP level 2. HP: 3/15 MP: 0/6
   186 | D:1      | Reached skill level 3 in Ice Magic
  1003 | D:1      | Reached XP level 3. HP: 11/19 MP: 5/7
  1372 | D:1      | Learned a level 3 spell: Ozocubu's Armour
  2491 | D:2      | Reached skill level 4 in Ice Magic
  2491 | D:2      | Reached XP level 4. HP: 24/24 MP: 6/8
  2510 | D:2      | Noticed Terence
  2524 | D:2      | Killed Terence
  2945 | D:2      | Found a hazy altar of Hepliaklqana.
  3372 | D:3      | Slain by an orc

Levels and vault maps discovered:
D:1:      dpeg_arrival_rooms_a, layout_basic, minmay_small_reverse_x
D:2:      layout_basic, lemuel_crystal_altar, nicolae_overflow_hidden_temple,
          minmay_statues_item, uniq_terence, uniq_jessica
D:3:      layout_loops_corners, old_standard_altar, lemuel_doored_altar,
          minmay_goblin_kobold_house

Skill      XL: |  1  2  3  4 |
---------------+-------------+-----
Ice Magic      | 3 4 |  4.4
Dodging        | 3 |  3.0
Stealth        | |  2.0
Spellcasting   | |  2.1
Conjurations   | |  1.3

Action                   |  1- 3 |  4- 6 || total
-------------------------+-------+-------++-------
Melee: Club              |     6 |       ||     6
       Peck              |     4 |       ||     4
       Dagger            |    18 |     3 ||    21
       Kick              |     5 |     2 ||     7
       Long sword        |       |     1 ||     1
 Cast: Freeze            |    66 |    22 ||    88
       Ozocubu's Armour  |       |     2 ||     2
  Use: Scroll            |       |     3 ||     3
 Stab: Sleeping          |       |     1 ||     1
  Eat: Chunk             |     6 |     3 ||     9
Armor: Robe              |    13 |     4 ||    17
Dodge: Dodged            |    55 |    11 ||    66
